 Dungeon Crawl Stone Soup version 0.17.1-3-g152610e (webtiles) character file.

3216 Jerry the Blocker (level 9, -13/56 HPs)
             Began as an Octopode Fighter on Mar 9, 2016.
             Was a Follower of Sif Muna.
             Mangled by an orc warrior
             ... wielding a +0 long sword
              (18 damage)
             ... on level 7 of the Dungeon.
             The game lasted 00:45:21 (9299 turns).

Jerry the Blocker (Octopode Fighter)                Turns: 9299, Time: 00:45:21

Health: -13/56     AC:  1    Str: 15    XL:     9   Next: 97%
Magic:  15/15      EV: 16    Int: 12    God:    Sif Muna [*.....]
Gold:   353        SH: 11    Dex: 17    Spells: 0 memorised, 16 levels left

rFire  + . .     SeeInvis .       - Unarmed
rCold  . . .     Clarity  .     a - +0 shield
rNeg   . . .     SustAt   .     (helmet restricted)
rPois  .         Gourm    .     G - amulet of resist mutation
rElec  .         Spirit   .     h - +4 ring of dexterity
rCorr  .         Warding  .     F - +1 ring of slaying
rMut   +         Stasis   .     i - ring of protection from fire
MR     .....                    (no ring)
Stlth  +++.......               (no ring)
                                (no ring)
                                (no ring)
                                (no ring)

@: not resistant to hostile enchantments, fairly stealthy
A: almost no armour, amphibious, 8 rings, constrict 8, camouflage 1, gelatinous
body 1
a: Channel Energy, Renounce Religion


You were on level 7 of the Dungeon.
You worshipped Sif Muna.
Sif Muna was aware of your devotion.
You were not hungry.

You visited 2 branches of the dungeon, and saw 8 of its levels.

You collected 353 gold pieces.

Inventory:

Hand Weapons
 I - the +1 flail of Yeast {crush, Int+5, unknown}
   (You found it on level 7 of the Dungeon)

   It inflicts extra damage upon your enemies.
   It affects your intelligence (+5).
Missiles
 p - 111 stones (quivered)
Armour
 a - a +0 shield (worn)
Magical Staves
 E - a cursed staff of summoning {unknown}
Jewellery
 h - a +4 ring of dexterity (left tentacle)
 i - a ring of protection from fire (on tentacle)
 F - a +1 ring of slaying (right tentacle)
 G - an amulet of resist mutation (around mantle)
Wands
 D - a wand of digging (11)
Scrolls
 e - a scroll of enchant armour {unknown}
 f - 2 scrolls of magic mapping {unknown}
 g - 2 scrolls of recharging {unknown}
 m - 4 scrolls of remove curse
 n - 2 scrolls of blinking
 o - 2 scrolls of amnesia {unknown}
 q - 5 scrolls of teleportation
 t - 3 scrolls of identify
 u - 2 scrolls of immolation {unknown}
 H - a scroll of acquirement {unknown}
Potions
 b - a potion of heal wounds {unknown}
 d - a potion of curing
 k - a potion of brilliance {unknown}
 l - a potion of agility {unknown}
 r - a potion of lignification {unknown}
 s - a potion of poison {unknown}
 v - a potion of mutation {unknown}
 z - a potion of magic {unknown}
 A - a potion of haste
Books
 w - a book of the Warp

   Spells                             Type                      Level
   a - Recall                         Summoning/Translocation      3
   b - Gell's Gravitas                Hexes/Translocation          3
   c - Force Lance                    Conjuration/Translocation    4
   d - Phase Shift                    Translocation                5
   e - Warp Weapon                    Charms/Translocation         5
   f - Summon Forest                  Summoning/Translocation      5
 y - a book of Unlife

   Spells                             Type                      Level
   a - Recall                         Summoning/Translocation      3
   b - Animate Dead                   Necromancy                   4
   c - Control Undead                 Necromancy                   4
   d - Cigotuvi's Embrace             Necromancy                   5
   e - Death Channel                  Necromancy                   6
   f - Simulacrum                     Ice/Necromancy               6
Comestibles
 c - 4 bread rations
 j - 3 beef jerkies
 x - 3 meat rations
 B - 2 chunks of flesh
 C - a royal jelly


   Skills:
 - Level 3.0 Fighting
 - Level 7.0 Dodging
 - Level 2.0 Stealth
 + Level 9.5 Shields
 - Level 6.5 Unarmed Combat
 + Level 4.2 Spellcasting


You had 16 spell levels left.
You didn't know any spells.

Dungeon Overview and Level Annotations

Branches:
Dungeon (7/15)             Temple (1/1) D:4

Altars:
Ashenzari
Dithmenos
Elyvilon
Gozag
Kikubaaqudgha
Okawaru
Qazlal
Sif Muna
Trog
Vehumet
Xom
Yredelemnul
Zin
The Shining One

Annotations:
D:4 Jerry's ghost, amateur OpFi
D:6 Eustachio; Pikel


Innate Abilities, Weirdness & Mutations

You cannot wear most types of armour.
You are amphibious.
You can wear up to eight rings at the same time.
You can use your tentacles to constrict eight enemies at once.
Your skin changes colour to match your surroundings (Stealth).
Your rubbery body absorbs attacks (AC +1).


Message History

The quokka closely misses you. The orc priest hits you with a mace!
You're too confused!
You see here a bread ration.
You tentacle-slap the orc warrior but do no damage.
The quokka bites you.
An orc priest opens the door.
You bump into the rock wall.
The quokka barely misses you.
The orc warrior hits you with a long sword!
* * * LOW HITPOINT WARNING * * *
You bump into the rock wall.
The sentinel's mark upon you fades away.
The quokka bites you.
* * * LOW HITPOINT WARNING * * *
The orc warrior completely misses you.
The orc priest hits you but does no damage.
The quokka twitches its whiskers.
The quokka misses you.
You barely miss the orc priest.
You feel less confused.
The orc warrior hits you with a long sword!!
You die...

##### ....#
....+ ....# ...
########o#######
.......@o)......
.....###r######
### ... #.#
..#... . #.# #..
.. #.# #####
#.##.## #.#
...#+#.#.... #.#
#.....#..#. #.#
#.....#.... #.#
#.....#.##.


You could see an orc warrior, an orc priest and a quokka.

Vanquished Creatures
  Grinder (D:5)
  Prince Ribbit (D:7)
  A deep elf mage (D:7)
  Menkaure (D:6)
  The ghost of Jerry the Shield-Bearer, an amateur OpFi (D:6)
  A hippogriff (D:5)
  Edmund (D:4)
  An orc warrior (D:5)
  An ice beast (D:4)
  4 ogres (D:6)
  2 phantoms
  2 slaves (D:6)
  A sky beast (D:6)
  A centaur (D:5)
  Blork the orc (D:5)
  A giant frog (D:6)
  A water moccasin skeleton (D:3)
  A crimson imp (D:6)
  A jelly (D:5)
  A wasp zombie (D:3)
  A centaur zombie (D:5)
  9 orc wizards
  4 orc priests
  A giant frog skeleton (D:5)
  2 hounds (D:5)
  2 iguanas
  6 worker ants
  2 hound skeletons
  14 gnolls
  10 adders
  2 oozes
  2 worms
  3 adder skeletons
  6 giant geckos
  29 orcs
  5 giant cockroaches
  18 hobgoblins
  A jackal (D:5)
  5 quokkas
  2 ball pythons
  7 bats
  A giant gecko skeleton (D:4)
  2 giant newts
  7 goblins
  7 kobolds
  12 rats
185 creatures vanquished.

Notes
Turn   | Place    | Note
--------------------------------------------------------------
     0 | D:1      | Jerry the Octopode Fighter began the quest for the Orb.
     0 | D:1      | Reached XP level 1. HP: 16/16 MP: 1/1
   186 | D:1      | Reached XP level 2. HP: 19/21 MP: 2/2
   918 | D:1      | Reached XP level 3. HP: 26/26 MP: 3/3
  1126 | D:2      | Reached skill level 1 in Stealth
  1666 | D:2      | Reached XP level 4. HP: 31/31 MP: 4/4
  2157 | D:3      | Found a faded altar to an unknown god.
  2213 | D:3      | Reached XP level 5. HP: 20/36 MP: 5/5
  2219 | D:3      | Reached skill level 4 in Shields
  2793 | D:3      | Reached XP level 6. HP: 42/42 MP: 6/6
  3486 | D:4      | Noticed Jerry's ghost (amateur OpFi)
  3626 | D:4      | Reached skill level 5 in Shields
  3825 | D:4      | Reached XP level 7. HP: 37/46 MP: 7/7
  3994 | D:4      | Found a glowing silver altar of Zin.
  3995 | D:4      | Noticed Edmund
  4109 | D:4      | Found a staircase to the Ecumenical Temple.
  4118 | Temple   | Entered the Ecumenical Temple
  4314 | D:5      | Entered Level 5 of the Dungeon
  4314 | D:5      | Noticed Grinder
  4365 | D:4      | Reached skill level 5 in Dodging
  4597 | D:4      | HP: 2/46 [Edmund/flail of crushing (3)]
  4598 | D:4      | Killed Edmund
  4905 | D:5      | Paralysed by Grinder for 6 turns
  4922 | D:5      | Killed Grinder
  4922 | D:5      | Reached skill level 6 in Shields
  4922 | D:5      | Reached skill level 5 in Unarmed Combat
  4922 | D:5      | Reached XP level 8. HP: 19/52 MP: 8/8
  5134 | D:5      | Noticed a hippogriff
  5142 | D:5      | Killed a hippogriff
  5235 | D:5      | Reached skill level 7 in Shields
  6113 | D:5      | Found a basalt altar of Yredelemnul.
  6113 | D:5      | Found a bloodstained altar of Trog.
  6593 | D:5      | Found an iron altar of Okawaru.
  6777 | D:5      | Noticed Blork the orc
  7026 | D:5      | Killed Blork the orc
  7042 | D:5      | Found a deep blue altar of Sif Muna.
  7052 | D:5      | Became a worshipper of Sif Muna the Loreminder
  7100 | D:6      | Found a shimmering altar of Xom.
  7185 | D:6      | Reached skill level 8 in Shields
  7185 | D:6      | Reached XP level 9. HP: 56/56 MP: 9/9
  7192 | D:6      | Found a bloodstained altar of Trog.
  7365 | D:6      | Reached skill level 1 in Spellcasting
  7386 | D:6      | Noticed Menkaure
  7404 | D:6      | Killed Menkaure
  7559 | D:6      | Killed Jerry's ghost
  8143 | D:6      | Noticed Eustachio
  8205 | D:6      | Noticed Pikel
  8377 | D:6      | HP: 1/56 [ogre/giant club (25)]
  8632 | D:6      | Reached skill level 9 in Shields
  9185 | D:7      | Noticed Prince Ribbit
  9201 | D:7      | Killed Prince Ribbit
  9275 | D:7      | Got a transparent flail
  9287 | D:7      | Reached * piety under Sif Muna
  9299 | D:7      | Mangled by an orc warrior

Action                   |  1- 3 |  4- 6 |  7- 9 || total
-------------------------+-------+-------+-------++-------
Melee: Unarmed           |    84 |   163 |   315 ||   562
Throw: Stone             |       |       |    17 ||    17
  Use: Scroll            |       |     3 |     3 ||     6
       Potion            |       |     1 |     4 ||     5
 Stab: Sleeping          |    14 |    18 |    11 ||    43
       Distracted        |     1 |     1 |     1 ||     3
  Eat: Chunk             |     2 |     7 |    15 ||    24
       Beef jerky        |       |       |     2 ||     2
